 Dungeon Sprint DCSS version 0.30-a0-702-gdf48620a09 (webtiles) character file.

Game seed: 6503030240227506958

6269 rocky1 the Bludgeoner (level 10, -4/101 HPs)
             Began as a Minotaur Gladiator on Jan 22, 2023.
             Was an Initiate of Gozag.
             Killed from afar by Aizul (31 damage)
             ... with a bolt of poison
             ... in the Dungeon (Sprint VII: "The Pits").
             The game lasted 00:06:18 (2376 turns).

rocky1 the Bludgeoner (Minotaur Gladiator)          Turns: 2376, Time: 00:06:19

Health: -4/101     AC: 17    Str: 22    XL:     10   Next: 62%
Magic:  9/9        EV: 17    Int:  7    God:    Gozag
Gold:   501        SH:  0    Dex: 14    Spells: 9/9 levels left

rFire   . . .      SeeInvis .    o - +0 flail (heavy)
rCold   + . .      Faith    .    (no shield)
rNeg    . . .      Spirit   .    d - +3 chain mail {rC+}
rPois   .          Reflect  .    c - +0 hat
rElec   .          Harm     .    u - +0 cloak
rCorr   .          Rampage  .    (no gloves)
Will    .....      NoTele   +    (no boots) Stlth
                                 (no amulet)
HPRegen 0.36/turn                h - +3 ring of dexterity
MPRegen 0.11/turn                p - +3 ring of evasion

@: lethally poisoned (-4 -> -43)
A: horns 2, retaliatory headbutt
a: Renounce Religion, Potion Petition, Call Merchant, Bribe Branch


You were in the Dungeon.
You worshipped Gozag.
Gozag was pleased with you.
You visited 1 branch You collected 3024 gold pieces.
You spent 2088 gold pieces at shops.
You paid 435 gold pieces to Gozag.

Inventory:

Hand Weapons
 a - a +0 flail
 o - a +0 heavy flail (weapon)
 v - a +2 morningstar of protection
 w - a +2 halberd of venom
 x - a +2 war axe of freezing
 y - a +2 scimitar of holy wrath
Missiles
 e - a javelin (quivered)
Armour
 b - a +0 leather armour
 c - a +0 hat (worn)
 d - a +3 chain mail of cold resistance (worn)
 t - a +4 chain mail of positive energy
 u - a +0 cloak (worn)
 B - the +8 plate armour of the Three Priests {rElec rF- Dex+2}
   (You bought it in a shop in the Dungeon)

   Dex:       It affects your dexterity (+2).
   rF:        It makes you vulnerable to fire.
   rElec:     It insulates you from electricity.
Jewellery
 h - a +3 ring of dexterity (left hand)
 p - a +3 ring of evasion (right hand)
Scrolls
 m - 5 scrolls of amnesia
 n - a scroll of summoning
 A - a scroll of identify {unknown}
Potions
 f - 6 potions of curing
 g - 8 potions of heal wounds
 i - 4 potions of magic
 l - a potion of invisibility
 q - a potion of brilliance
 r - a potion of resistance
 s - 3 potions of mutation
 C - a potion of haste
Miscellaneous
 z - a condenser vane


   Skills:
 + Level 13.6 Fighting
 * Level 18.8 Maces & Flails
 - Level 2.2 Throwing
 + Level 13.3 Armour
 + Level 12.9 Dodging
 + Level 5.1 Evocations


You had 9 spell levels left.
You didn't know any spells.
Your spell library was empty.

Dungeon Overview and Level Annotations

Branches:
Dungeon (1/1)

Altars:
Ashenzari
Cheibriados
Dithmenos
Elyvilon
Fedhas
Gozag
Hepliaklqana
Kikubaaqudgha
Makhleb
Nemelex Xobeh
Okawaru
Qazlal
Ru
Sif Muna
Trog
Uskayaw
Vehumet
Wu Jian
Xom
Yredelemnul
Zin
The Shining One
Jiyva
Lugonu

Shops:
D *

Annotations:
D Aizul


Innate Abilities, Weirdness & Mutations

You have a pair of horns on your head.
You reflexively headbutt those who attack you in melee.


Message History

Aizul says, "Feeling sleepy?"
Aizul barely misses you. You furiously retaliate!
You headbutt Aizul!
The jumping spider pounces on you but does no damage.
The jumping spider barely misses you.
Aizul coils herself and waves her upper body at you.
The bolt of poison misses you. The orc hits you but does no damage.
You hit Aizul. Your headbutt misses Aizul.
Aizul is lightly wounded.
You feel very sick.
The jumping spider pounces on you but does no damage.
The jumping spider closely misses you. Aizul barely misses you.
The jumping spider leaps!
The orc misses you. You furiously retaliate!
You headbutt the orc!
You kill the orc!
You sock Aizul!
Aizul is moderately wounded.
You feel sick. Aizul closely misses you.
The jumping spider leaps!
Aizul hits you.
You completely miss Aizul.
Aizul is moderately wounded.
You feel sick. Aizul casts a spell at you. The poison arrow hits you!!
You are more poisoned.
* * * LOW HITPOINT WARNING * * *
You feel better. Aizul hits you but does no damage.
Aizul completely misses you. You furiously retaliate!
You headbutt Aizul! You bludgeon Aizul!!
Aizul is heavily wounded.
Aizul coils herself and waves her upper body at you.
The poison arrow hits you!!
You are poisoned.
* * * LOW HITPOINT WARNING * * *
You feel much better.
You feel very sick. Aizul casts a spell at you. The bolt of poison hits you!!
You are lethally poisoned!
You die...
Your body crumbles into a pile of gold.

$ $
####################+#
................$$...#
...........s....@S...#
###++##############..#
#


You could see Aizul and a jumping spider.

Vanquished Creatures
  Rupert (D)
  A death cob (D)
  2 deep trolls (D)
  A flayed ghost (D)
  A manticore (D)
  A deep elf pyromancer (D)
  A basilisk (D)
  3 wargs (D)
  2 floating eyes (D)
  4 orc warriors (D)
  A sky beast (D)
  A centaur (D)
  An ogre (D)
  A phantom (D)
  A bullfrog (D)
  A scorpion (D)
  A quasit (D)
  2 orc priests (D)
  2 orc wizards (D)
  A gnoll (D)
  An ufetubus (D)
  A worm (D)
  5 orcs (D)
  A bat (D)
  A bat skeleton (D)
  7 jackals (D)
  A kobold (D)
  A rat (D)
47 creatures vanquished.

Vanquished Creatures (others)
  An orc (D)
1 creature vanquished.

Grand Total: 48 creatures vanquished

Notes
Turn   | Place    | Note
-------+----------+-------------------------------------------
     0 | D        | rocky1 the Minotaur Gladiator began the quest for the Orb.
     0 | D        | Reached XP level 1. HP: 18/18 MP: 0/0
    16 | D        | Reached skill level 4 in Maces & Flails
    20 | D        | Found a bloodstained altar of Trog.
    20 | D        | Found a shimmering blue altar of Sif Muna.
    20 | D        | Found a viscous altar of Jiyva.
    20 | D        | Found a hazy altar of Hepliaklqana.
    20 | D        | Found an opulent altar of Gozag.
    21 | D        | Found a glowing golden altar of the Shining One.
    21 | D        | Found a glowing silver altar of Zin.
    21 | D        | Found a basalt altar of Yredelemnul.
    21 | D        | Found a shimmering altar of Xom.
    21 | D        | Found an ornate altar of the Wu Jian Council.
    21 | D        | Found a sacrificial altar of Ru.
    21 | D        | Found a stormy altar of Qazlal.
    21 | D        | Found an iron altar of Okawaru.
    21 | D        | Found a sparkling altar of Nemelex Xobeh.
    21 | D        | Found a burning altar of Makhleb.
    21 | D        | Found a blossoming altar of Fedhas.
    21 | D        | Found a white marble altar of Elyvilon.
    21 | D        | Found a shadowy altar of Dithmenos.
    21 | D        | Found a snail-covered altar of Cheibriados.
    24 | D        | Found a corrupted altar of Lugonu.
    24 | D        | Found a radiant altar of Vehumet.
    25 | D        | Found an ancient bone altar of Kikubaaqudgha.
    25 | D        | Found a hide-covered altar of Uskayaw.
    25 | D        | Found a broken altar of Ashenzari.
    28 | D        | Became a worshipper of Gozag Ym Sagoz the Greedy
    64 | D        | Reached XP level 2. HP: 25/26 MP: 1/1
    73 | D        | Reached skill level 1 in Armour
   179 | D        | Noticed a scorpion
   190 | D        | Killed a scorpion
   191 | D        | Reached skill level 6 in Maces & Flails
   191 | D        | Reached skill level 5 in Dodging
   191 | D        | Reached XP level 3. HP: 10/34 MP: 2/2
   192 | D        | Reached XP level 4. HP: 12/41 MP: 3/3
   195 | D        | Reached skill level 7 in Maces & Flails
   311 | D        | Noticed an orc warrior
   317 | D        | Reached skill level 5 in Fighting
   320 | D        | Killed an orc warrior
   321 | D        | Reached skill level 9 in Maces & Flails
   321 | D        | Reached skill level 5 in Armour
   321 | D        | Reached XP level 5. HP: 50/50 MP: 4/4
   576 | D        | Noticed a warg
   577 | D        | Noticed a warg
   577 | D        | Noticed an orc warrior
   584 | D        | Killed a warg
   585 | D        | Reached skill level 10 in Maces & Flails
   585 | D        | Reached XP level 6. HP: 49/60 MP: 5/5
   586 | D        | Reached skill level 11 in Maces & Flails
   590 | D        | Killed a warg
   594 | D        | Killed an orc warrior
   595 | D        | Reached skill level 12 in Maces & Flails
   595 | D        | Reached XP level 7. HP: 48/69 MP: 6/6
   817 | D        | Noticed a manticore
   823 | D        | Killed a manticore
   824 | D        | Reached skill level 13 in Maces & Flails
   824 | D        | Reached XP level 8. HP: 48/79 MP: 7/7
   929 | D        | Reached skill level 10 in Fighting
   929 | D        | Reached skill level 14 in Maces & Flails
   929 | D        | Paralysed by a floating eye for 4 turns
   939 | D        | Paralysed by a floating eye for 3 turns
   944 | D        | Reached skill level 10 in Dodging
   945 | D        | Reached skill level 10 in Armour
  1115 | D        | Noticed a flayed ghost
  1115 | D        | Noticed a deep troll
  1125 | D        | Killed a deep troll
  1126 | D        | Reached skill level 15 in Maces & Flails
  1126 | D        | Reached XP level 9. HP: 40/89 MP: 8/8
  1129 | D        | Killed a flayed ghost
  1130 | D        | Reached skill level 16 in Maces & Flails
  1529 | D        | Bought a condenser vane for 960 gold pieces
  1529 | D        | Bought a potion of mutation for 192 gold pieces
  1529 | D        | Bought a scroll labelled KIR FADDONYIWN for 24 gold pieces
  1529 | D        | Bought a fine plate armour for 672 gold pieces
  1529 | D        | Identified the +8 plate armour of the Three Priests {rElec
                  | rF- Dex+2} (You bought it in a shop in the Dungeon)
  1529 | D        | Bought a potion of haste for 240 gold pieces
  1538 | D        | Noticed a deep elf pyromancer
  1538 | D        | Noticed a death cob
  1545 | D        | Killed a death cob
  1546 | D        | Reached skill level 17 in Maces & Flails
  1561 | D        | Killed a deep elf pyromancer
  1562 | D        | Reached XP level 10. HP: 42/100 MP: 9/9
  1724 | D        | Noticed a deep troll
  1725 | D        | Noticed Rupert
  1737 | D        | Killed a deep troll
  1738 | D        | Reached skill level 18 in Maces & Flails
  1749 | D        | Killed Rupert
  2317 | D        | Reached skill level 5 in Evocations
  2365 | D        | Noticed Aizul
  2375 | D        | HP: 4/101 [Aizul/poison arrow (28)]
  2376 | D        | Killed from afar by Aizul

Illustrated notes

Levels and vault maps discovered:
D:        pitsprint [storerooms_1, entrance_room_1, metal_vault_1, armoury_1,
          mini_pit_1, grid_room_1, main_hall_1, silver_pit, the_coven_3,
          the_vestibule_1, steel_vault_5, golden_pit, hallway_of_sentries,
          crystal_vault_1, iron_vault_1, final_vault]

Skill      XL: |  1  2  3  4  5  6  7  8  9 10 |
---------------+-------------------------------+-----
Maces & Flails | 4 6 9 10 12 13 15 17 18 | 18.8
Dodging        | 4 5 6 7 8 9 10 12 | 12.9
Fighting       | 3 4 6 7 8 9 11 12 13 | 13.6
Armour         | 3 5 6 8 9 10 12 13 | 13.3
Evocations     | 3 5 |  5.1
Throwing       | |  2.2

Action                   |  1- 3 |  4- 6 |  7- 9 | 10-12 || total
-------------------------+-------+-------+-------+-------++-------
Melee: Flail             |    23 |    30 |    47 |    30 ||   130
       Headbutt          |     4 |     6 |     8 |     2 ||    20
Throw: Throwing net      |     3 |       |       |       ||     3
       Javelin           |       |       |     2 |       ||     2
Invok: Call Merchant     |       |       |     1 |       ||     1
Evoke: Condenser vane    |       |       |       |     1 ||     1
  Use: Potion            |       |     2 |     2 |     6 ||    10
       Scroll            |       |       |       |     1 ||     1
 Stab: Distracted        |       |       |     1 |       ||     1
       Invisible         |       |       |       |     3 ||     3
Armor: Leather armour    |     4 |     1 |       |       ||     5
       Chain mail        |       |     7 |    26 |    18 ||    51
Dodge: Dodged            |    27 |    11 |    20 |    29 ||    87

Table legend: (Time is in decaauts)
 A = Elapsed time spent in this place.
 B = Non-inter-level travel time spent in this place.
 C = Inter-level travel time spent in this place.
 D = Time resting spent in this place.
 E = Time spent auto-exploring this place.
 F = Levels seen in this place.
 G = Mean time per level.
                   A        B        C        D        E       F      G
               +--------+--------+--------+--------+--------+-----+--------+
         Total |   2400 |   2342 |     58 |   1776 |      0 |   1 | 2400.0 |
       Dungeon |   2400 |   2342 |     58 |   1776 |      0 |   1 | 2400.0 |
               +--------+--------+--------+--------+--------+-----+--------+

Top non-repeatable levels by time:
       D: 2400 daAuts
